 Dungeon Crawl Stone Soup version 0.31.0-11-ge490571c62 (webtiles) character file.

Game seed: 10692139946094530907

5997 Arcadio the Skirmisher (level 10, -11/79 HPs)
             Began as a Gnoll Hunter on Jan 29, 2024.
             Was a Believer of Ashenzari.
             Killed by divine providence
             ... invoked by an orc priest
              (14 damage)
             ... on level 9 of the Dungeon.
             The game lasted 00:22:41 (7875 turns).

Arcadio the Skirmisher (Gnoll Hunter)               Turns: 7875, Time: 00:22:42

Health: -11/79     AC: 17    Str: 10    XL:     10   Next: 85%
Magic:  25/25      EV: 16    Int: 10    God:    Ashenzari [**....]
Gold:   446        SH:  0    Dex: 19    Spells: 13/20 levels left

rFire   + . .        b - +4 triple sword (holy)
rCold   + . .        (shield currently unavailable)
rNeg    + + +        E - +1 ring mail {rN+}
rPois   .            o - +1 helmet
rElec   .            D - +0 cloak
rCorr   .            e - +2 pair of gloves "Overhang to Understand" {rF+ rN+, Range, Melee} (curse)
SInv    +            j - +2 pair of boots of Ashenzari's Gloom {Range, Cun} (curse)
Will    .....        q
                       - Hermit's Pendant {Faith Invo=14 Evo=0 MP+5, Cun, Sorc} (curse)
Stlth   ++++         u - ring of Supernal Knowledge {rN+, Bglg, Cun} (curse)
HPRegen 0.33/turn    c - ring of protection from cold
MPRegen 0.19/turn

%: faith
@: invisible
A: fangs 1, strong nose, distributed training
a: Renounce Religion, Shatter the Chains


You were on level 9 of the Dungeon.
You worshipped Ashenzari.
Ashenzari was pleased with you.
You visited 2 branches of the dungeon, and saw 10 of its levels.

You collected 446 gold pieces.

Inventory:

Hand Weapons
 a - a +2 orcbow of electrocution
 b - a +4 triple sword of holy wrath (weapon)
 v - a +0 morningstar
Armour
 e - the cursed +2 pair of gloves "Overhang to Understand" (worn) {rF+ rN+, Range, Melee}
   (You acquired it on level 6 of the Dungeon)

   rF+:       It protects you from fire.
   rN+:       It protects you from negative energy.
   It has a curse which improves the following skills: Ranged Combat: Ranged
   Weapons and Throwing.
   Melee Combat: Short Blades, Long Blades, Axes, Maces & Flails, Polearms,
   Staves and Unarmed Combat.
 j - the cursed +2 pair of boots of Ashenzari's Gloom (worn) {Range, Cun}
   (You found it on level 1 of the Dungeon)

   It has a curse which improves the following skills: Ranged Combat: Ranged
   Weapons and Throwing.
   Cunning:   Dodging and Stealth.
 n - a scarf of harm
 o - a +1 helmet (worn)
 D - a +0 cloak (worn)
 E - a +1 ring mail of positive energy (worn)
Jewellery
 c - a ring of protection from cold (right hand)
 i - a ring of flight
 q - the cursed Hermit's Pendant (around neck) {Faith Invo=14 Evo=0 MP+5, Cun, Sorc}
   (You found it on level 3 of the Dungeon)

   [amulet of faith]

   Invo=14: It sets your Invocations skill to 14.
   Evo=0: It sets your Evocations skill to 0.
   Faith:     It allows you to gain divine favour quickly.
   MP+5:      It affects your magic capacity (+5).
   It has a curse which improves the following skills: Cunning: Dodging and
   Stealth.
   Sorcery:   Conjurations and Alchemy.
 u - the cursed ring of Supernal Knowledge (left hand) {rN+, Bglg, Cun}
   (You found it on level 3 of the Dungeon)

   [ring of positive energy]

   rN+:       It protects you from negative energy.
   It has a curse which improves the following skills: Beguiling: Hexes and
   Translocations.
   Cunning:   Dodging and Stealth.
Wands
 t - a wand of iceblast (23)
 A - a wand of acid (7)
 I - a wand of charming (9)
Scrolls
 d - 3 scrolls of poison
 f - 3 scrolls of fog
 h - a scroll of revelation
 k - a scroll of enchant weapon
 r - a scroll of silence
 s - 2 scrolls of teleportation
 w - a scroll of noise
 y - a scroll of vulnerability
 C - a scroll of summoning
Potions
 g - a potion of ambrosia
 l - 2 potions of enlightenment
 p - 4 potions of resistance
 x - a potion of invisibility
 z - a potion of mutation
 B - a potion of lignification
 F - 3 potions of curing
 G - 3 potions of brilliance
 H - a potion of might


   Skills:
 + Level 7.5 Fighting
 + Level 5.9(7.0) Short Blades
 + Level 5.9(7.0) Long Blades
 + Level 5.9(7.0) Axes
 + Level 5.9(7.0) Maces & Flails
 + Level 5.9(7.0) Polearms
 + Level 5.9(7.0) Staves
 + Level 10.4(12.1) Ranged Weapons
 + Level 5.9(7.6) Throwing
 + Level 5.9 Armour
 + Level 7.5(9.9) Dodging
 + Level 6.4(8.7) Stealth
 + Level 5.9 Shields
 + Level 5.9(7.0) Unarmed Combat
 + Level 5.9 Spellcasting
 + Level 4.8(6.0) Conjurations
 + Level 4.8(6.0) Hexes
 + Level 4.8 Summonings
 + Level 4.8 Necromancy
 + Level 4.8(6.0) Translocations
 + Level 4.8 Fire Magic
 + Level 4.8 Ice Magic
 + Level 4.8 Air Magic
 + Level 4.8 Earth Magic
 + Level 4.8(6.0) Alchemy
 + Level 6.4(14.0) Invocations
 + Level 5.9(0.0) Evocations
 + Level 5.3 Shapeshifting


You had 13 spell levels left.
You knew the following spells:

 Your Spells              Type           Power      Damage    Failure   Level
a - Blink                 Tloc           28%        N/A       6%          2
b - Metabolic Englaciati  Hex/Ice        6%         N/A       80%         5

Your spell library contained the following spells:

 Spells                   Type           Power      Damage    Failure   Level
 Lesser Beckoning         Tloc           28%        N/A       6%          2
 Momentum Strike          Conj/Tloc      28%        3d8       6%          2
 Ensorcelled Hibernation  Hex/Ice        26%        N/A       8%          2
 Fugue of the Fallen      Necr           12%        N/A       19%         3
 Ozocubu's Armour         Ice            12%        N/A       19%         3
 Anguish                  Hex/Necr       6%         N/A       45%         4
 Conjure Ball Lightning   Conj/Air       6%         3x3d6     100%        6
 Sculpt Simulacrum        Ice/Alch       6%         N/A       100%        6
 Discord                  Hex            7%         N/A       100%        8
 Disjunction              Tloc           7%         N/A       100%        8


Dungeon Overview and Level Annotations

Branches:
Dungeon (9/15)             Temple (1/1) D:4             Orc (0/2) D:9
   Lair: D:8-11

Altars:
Ashenzari
Cheibriados
Dithmenos
Elyvilon
Fedhas
Gozag
Hepliaklqana
Kikubaaqudgha
Makhleb
Nemelex Xobeh
Okawaru
Qazlal
Ru
Sif Muna
Trog
Uskayaw
Wu Jian
Xom
Yredelemnul
The Shining One

Shops:
D:5 =   D:8 *


Innate Abilities, Weirdness & Mutations

You have very sharp teeth.
Your uncanny sense of smell can sniff out nearby items.
Your experience applies equally to all skills.


Message History

The orc priest calls down the wrath of Beogh upon you.
Beogh smites you!
You slice the orc!!
You kill the orc!
The orc warrior hits you with a +0 dire flail!
You closely miss the orc priest.
The orc warrior hits you with a +0 dire flail.
The orc priest misses you.
The orc warrior hits you with a +0 dire flail!
You closely miss the orc warrior. The orc warrior closely misses you.
The orc warrior barely misses you.
You closely miss the orc warrior. The orc warrior closely misses you.
The orc warrior hits you with a +0 war axe.
The orc warrior misses you. The orc warrior completely misses you.
The orc warrior attacks as it pursues you!
The orc warrior barely misses you. The orc warrior closely misses you.
The orc warrior attacks as it pursues you!
The orc warrior hits you with a +0 dire flail.
You feel much better.
The orc warrior hits you with a +0 dire flail!
You closely miss the orc warrior.
The orc priest mumbles some strange prayers to Beogh against you.
Beogh smites you! The orc warrior closely misses you.
The orc warrior barely misses you.
The orc priest mumbles some strange prayers to Beogh against you.
Beogh smites you!
* * * LOW HITPOINT WARNING * * *
The orc warrior attacks as it pursues you!
The orc warrior hits you with a +0 dire flail!
* * * LOW HITPOINT WARNING * * *
The orc warrior attacks as it pursues you!
The orc warrior completely misses you.
Okay, then.
Okay, then.
Okay, then.
You fade into invisibility!
The orc priest invokes the aid of Beogh against you.
Beogh smites you!
You die...

#### .. #... .. #.# #...
..# #..# # #.#
#..#######.####.
..#######.....oo@.......
......>........o.......[
.............o######....
##.........>o{# .##
#.....).....{#
#......#8..o8#
........###o###
........#..o.
........#.o...


You could see 3 orc warriors, an orc priest (unable to see you) and an orc
(unable to see you).

Vanquished Creatures
  A wyvern (D:9)
  12 yaks
  2 steam dragons (D:7)
  A wraith (D:8)
  Edmund (D:5)
  3 water moccasins
  2 ice beasts
  2 black bears
  4 ogres
  3 centaurs
  3 phantoms
  A gnoll sergeant (D:8)
  A bullfrog (D:6)
  2 scorpions (D:5)
  14 wights
  5 killer bees (D:8)
  A howler monkey (D:7)
  2 bombardier beetles
  5 hounds
  3 orc priests
  Crazy Yiuf (D:5)
  2 jellies
  3 iguanas
  A sleepcap (D:6)
  4 orc wizards
  3 gnolls
  7 adders
  A shadow imp (D:5)
  2 white imps
  2 ufetubi (D:6)
  5 dart slugs
  A ribbon worm (D:3)
  17 orcs
  6 ball pythons
  6 endoplasms
  3 giant cockroaches
  6 goblins
  12 hobgoblins
  6 jackals
  6 quokkas
  5 bats
  3 frilled lizards (D:1)
  4 kobolds
  11 rats
185 creatures vanquished.

Vanquished Creatures (others)
  An unseen horror (D:7)
  A scorpion (D:7)
2 creatures vanquished.

Grand Total: 187 creatures vanquished

Notes
Turn   | Place    | Note
-------+----------+-------------------------------------------
     0 | D:1      | Arcadio the Gnoll Hunter began the quest for the Orb.
     0 | D:1      | Reached XP level 1. HP: 20/20 MP: 1/1
   110 | D:1      | Reached XP level 2. HP: 26/26 MP: 2/2
   571 | D:1      | Reached XP level 3. HP: 31/31 MP: 3/3
   910 | D:2      | Reached skill level 1 in Invocations
  1174 | D:2      | Reached skill level 1 in Short Blades
  1174 | D:2      | Reached skill level 1 in Long Blades
  1174 | D:2      | Reached skill level 1 in Axes
  1174 | D:2      | Reached skill level 1 in Maces & Flails
  1174 | D:2      | Reached skill level 1 in Polearms
  1174 | D:2      | Reached skill level 1 in Staves
  1174 | D:2      | Reached skill level 1 in Throwing
  1174 | D:2      | Reached skill level 1 in Armour
  1174 | D:2      | Reached skill level 1 in Shields
  1174 | D:2      | Reached skill level 1 in Unarmed Combat
  1174 | D:2      | Reached skill level 1 in Spellcasting
  1174 | D:2      | Reached skill level 1 in Evocations
  1429 | D:2      | Found a faded altar of an unknown god.
  1636 | D:3      | Reached skill level 1 in Shapeshifting
  1636 | D:3      | Reached XP level 4. HP: 38/38 MP: 5/5
  1716 | D:3      | Found a broken altar of Ashenzari.
  1726 | D:3      | Became a worshipper of Ashenzari the Shackled
  1792 | D:3      | Reached skill level 1 in Conjurations
  1792 | D:3      | Reached skill level 1 in Hexes
  1792 | D:3      | Reached skill level 1 in Summonings
  1792 | D:3      | Reached skill level 1 in Necromancy
  1792 | D:3      | Reached skill level 1 in Translocations
  1792 | D:3      | Reached skill level 1 in Fire Magic
  1792 | D:3      | Reached skill level 1 in Ice Magic
  1792 | D:3      | Reached skill level 1 in Air Magic
  1792 | D:3      | Reached skill level 1 in Earth Magic
  1792 | D:3      | Reached skill level 1 in Alchemy
  1896 | D:3      | Found a faded altar of an unknown god.
  1896 | D:3      | Found the Hermit's Pendant {Faith Invo=14 Evo=0 MP+5}
  2401 | D:4      | Reached XP level 5. HP: 43/43 MP: 14/14
  2521 | D:4      | Found a staircase to the Ecumenical Temple.
  2530 | Temple   | Entered the Ecumenical Temple
  2763 | D:4      | Noticed an ogre
  2768 | D:4      | Killed an ogre
  2769 | D:4      | Reached skill level 5 in Fighting
  2769 | D:4      | Reached skill level 5 in Dodging
  2769 | D:4      | Reached XP level 6. HP: 51/51 MP: 16/16
  3270 | D:5      | Entered Level 5 of the Dungeon
  3390 | D:5      | Noticed a water moccasin
  3400 | D:5      | Killed a water moccasin
  3401 | D:5      | Reached XP level 7. HP: 44/56 MP: 17/17
  3708 | D:5      | Found Feunocy's Jewellery Shop.
  3751 | D:5      | Reached skill level 9 in Ranged Weapons
  3916 | D:5      | Reached XP level 8. HP: 15/63 MP: 18/18
  4100 | D:5      | Noticed Edmund
  4107 | D:5      | Killed Edmund
  4138 | D:5      | Found a runed translucent door.
  4139 | D:5      | Noticed Crazy Yiuf
  4574 | D:5      | Killed Crazy Yiuf
  4587 | D:5      | Reached * piety under Ashenzari
  4587 | D:5      | Identified a scroll of acquirement
  4824 | D:6      | Reached XP level 9. HP: 69/69 MP: 19/19
  4848 | D:6      | Learned a level 2 spell: Blink
  5206 | D:6      | Acquired a +4 triple sword of holy wrath
  5210 | D:6      | Acquired the +2 pair of gloves of Linitsur {rF+ rN+}
  5249 | D:6      | Reached skill level 5 in Stealth
  5299 | D:6      | Reached ** piety under Ashenzari
  5609 | D:7      | Reached skill level 5 in Invocations
  5732 | D:7      | Noticed an unseen horror
  5746 | D:7      | Killed an unseen horror
  5747 | D:7      | Reached skill level 5 in Short Blades
  5747 | D:7      | Reached skill level 5 in Long Blades
  5747 | D:7      | Reached skill level 5 in Axes
  5747 | D:7      | Reached skill level 5 in Maces & Flails
  5747 | D:7      | Reached skill level 5 in Polearms
  5747 | D:7      | Reached skill level 5 in Staves
  5747 | D:7      | Reached skill level 5 in Throwing
  5747 | D:7      | Reached skill level 5 in Armour
  5747 | D:7      | Reached skill level 5 in Shields
  5747 | D:7      | Reached skill level 5 in Unarmed Combat
  5747 | D:7      | Reached skill level 5 in Spellcasting
  5747 | D:7      | Reached skill level 5 in Evocations
  5747 | D:7      | Reached XP level 10. HP: 38/77 MP: 20/20
  5749 | D:7      | Reached skill level 10 in Ranged Weapons
  5987 | D:7      | Learned a level 5 spell: Metabolic Englaciation
  6743 | D:8      | Reached skill level 5 in Shapeshifting
  7325 | D:8      | Found Ediatez's General Store.
  7601 | D:9      | Noticed a tengu warrior
  7846 | D:9      | Found a staircase to the Orcish Mines.
  7874 | D:9      | HP: 3/79 [orc warrior/+0 dire flail (7)]
  7875 | D:9      | Killed from afar by an orc priest

Illustrated notes

Levels and vault maps discovered:
D:1:      amcnicky_arrival_double_pillar, layout_basic
D:2:      layout_loops_cross, hellmonk_ecumenical_altar_leap_of_faith
D:3:      layout_loops_cross, mainiacjoe_overflow_alcove_2,
          hellmonk_guarded_unrand_hermit
D:4:      layout_basic, minmay_temple_entry_purple_smoke
D:5:      layout_layer_cave, serial_shops, nicolae_shop_peninsula,
          minmay_misc_feat_roman, minmay_fractal_squares_diagonal_5,
          uniq_crazy_yiuf_cottage, uniq_edmund
D:6:      layout_cave_pools
D:7:      layout_cave_pods, minivault_10, kennysheep_generic_room_12
D:8:      layout_rooms, serial_shops, shop
D:9:      layout_long_grid, jmf_multi_god_temple2,
          minmay_orc_entry_temple_small, special_room [special_room_orc],
          hellmonk_guarded_unrand_lears, uniq_amaemon, uniq_harold
Temple:   nicolae_temple_bog_church

Skill      XL: |  1  2  3  4  5  6  7  8  9 10 |
---------------+-------------------------------+-----
Invocations    | 1 2 3 4 5 6 |  6.4
Short Blades   | 1 2 3 5 |  5.9
Long Blades    | 1 2 3 5 |  5.9
Axes           | 1 2 3 5 |  5.9
Maces & Flails | 1 2 3 5 |  5.9
Polearms       | 1 2 3 5 |  5.9
Staves         | 1 2 3 5 |  5.9
Throwing       | 1 2 3 5 |  5.9
Armour         | 1 2 3 5 |  5.9
Shields        | 1 2 3 5 |  5.9
Unarmed Combat | 1 2 3 5 |  5.9
Spellcasting   | 1 2 3 5 |  5.9
Evocations     | 1 2 3 5 |  5.9
Shapeshifting  | 1 2 3 4 5 |  5.3
Conjurations   | 1 2 3 4 |  4.8
Hexes          | 1 2 3 4 |  4.8
Summonings     | 1 2 3 4 |  4.8
Necromancy     | 1 2 3 4 |  4.8
Translocations | 1 2 3 4 |  4.8
Fire Magic     | 1 2 3 4 |  4.8
Ice Magic      | 1 2 3 4 |  4.8
Air Magic      | 1 2 3 4 |  4.8
Earth Magic    | 1 2 3 4 |  4.8
Alchemy        | 1 2 3 4 |  4.8
Stealth        | 3 4 5 6 |  6.4
Fighting       | 5 6 7 |  7.5
Dodging        | 5 6 7 |  7.5
Ranged Weapons | 9 10 | 10.4

Action                     |  1- 3 |  4- 6 |  7- 9 | 10-12 || total
---------------------------+-------+-------+-------+-------++-------
  Melee: Triple sword      |       |       |    20 |   101 ||   121
         Bite              |       |       |     4 |    10 ||    14
   Fire: Shortbow          |    96 |   100 |   108 |       ||   304
         Orcbow            |       |       |   134 |    74 ||   208
 Invoke: Curse Item        |       |     1 |     2 |     1 ||     4
    Use: Scroll            |       |       |     4 |       ||     4
         Potion            |       |       |     1 |     2 ||     3
 Armour: Leather armour    |    12 |    18 |    75 |       ||   105
         Ring mail         |       |       |    56 |   125 ||   181
  Dodge: Dodged            |    19 |    27 |   128 |   181 ||   355
